 Dungeon Crawl Stone Soup version 0.22.1-1-ga44c0e5 (webtiles) character file.

84 Garbasso the Shooter (level 4, -1/27 HPs)
             Began as a Gargoyle Arcane Marksman on Oct 10, 2018.
             Slain by a worm (7 damage)
             ... on level 3 of the Dungeon.
             The game lasted 00:06:08 (2332 turns).

Garbasso the Shooter (Gargoyle Arcane Marksman)     Turns: 2332, Time: 00:06:09

Health: -1/27      AC:  5    Str: 15    XL:     4   Next: 45%
Magic:  4/7        EV: 12    Int: 13    God:
Gold:   87         SH:  0    Dex: 10    Spells: 1/7 levels left

rFire    . . .     SeeInvis .   b - +0 mace
rCold    . . .     Gourm    .   (no shield)
rNeg     + . .     Faith    .   e - +0 robe
rPois    ∞         Spirit   .   (no helmet)
rElec    +         Reflect  .   (no cloak)
rCorr    .         Harm     .   (no gloves)
MR       .....                  (no boots)
Stlth    +.........             (no amulet)
HPRegen  0.09/turn              (no ring)
MPRegen  0.10/turn              (no ring)

@: no status effects
A: negative energy resistance 1, electricity resistance, unbreathing,
petrification resistance, rot immunity, AC +3
a: no special abilities


You were on level 3 of the Dungeon.
You were not hungry.

You visited 1 branch of the dungeon, and saw 3 of its levels.

You collected 87 gold pieces.

Inventory:

Hand Weapons
 a - a +0 shortbow
 b - a +0 mace (weapon)
Missiles
 d - 29 arrows
Armour
 e - a +0 robe (worn)
Wands
 l - a wand of flame (26)
Scrolls
 c - 3 scrolls of identify {unknown}
 g - 3 scrolls of remove curse {unknown}
 k - a scroll of teleportation {unknown}
Potions
 h - a potion of haste {unknown}
 i - a potion of curing {unknown}
 j - a potion of might {unknown}
Comestibles
 f - 4 rations


   Skills:
 + Level 2.3 Fighting
 * Level 3.5 Bows
 - Level 1.5 Dodging
 + Level 2.0 Spellcasting
 - Level 2.6 Hexes


You had one spell level left.
You knew the following spells:

 Your Spells              Type           Power        Failure   Level  Hunger
a - Corona                Hex            #......      9%          1    ##.....
b - Slow                  Hex            #.......     13%         2    ###....
c - Inner Flame           Hex/Fire       #.......     41%         3    ####...

Your spell library contained the following spells:

 Spells                   Type           Power        Failure   Level  Hunger
 Portal Projectile        Hex/Tloc       #.....       41%         3    ####...
 Cause Fear               Hex            #.........   63%         4    #####..
 Leda's Liquefaction      Hex/Erth       #.........   82%         4    #####..


Dungeon Overview and Level Annotations

Branches:
Dungeon (3/15)

Altars:
Wu Jian


Innate Abilities, Weirdness & Mutations

You are resistant to torment.
Your stone body is resilient. (AC +3)
You are immune to poison.
You resist negative energy. (rN+)
You are resistant to electric shocks. (rElec)
You can survive without breathing.
You are immune to petrification.
You are immune to rotting.


Message History

You hit the worm but do no damage.
The worm is moderately wounded.
The worm bites you!
You thump the worm!
The worm is heavily wounded.
The worm closely misses you.
You hit the worm.
The worm is severely wounded.
The worm bites you.
* * * LOW HITPOINT WARNING * * *
You hit the worm.
The worm is severely wounded.
The worm misses you.
Your magical contamination has completely faded away.
You hit the worm.
The worm is severely wounded.
You hit the worm.
The worm is almost dead.
The worm bites you!
You die...

##.##.#.# #.....#.#
#...<...#+###
#.#..........
..+..........
#######.#..........
..(.....+..........
#w#..........
#@'..........
###..........
#..........
#..........
###########


You could see a worm.

Vanquished Creatures
  5 adders
  2 worms (D:2)
  2 leopard geckos (D:1)
  7 goblins
  4 hobgoblins
  4 bats (D:1)
  A frilled lizard (D:1)
  5 kobolds
  3 rats
33 creatures vanquished.

Notes
Turn   | Place    | Note
-------+----------+-------------------------------------------
     0 | D:1      | Garbasso the Gargoyle Arcane Marksman began the quest for
                  | the Orb.
     0 | D:1      | Reached XP level 1. HP: 12/12 MP: 2/2
    47 | D:1      | Reached XP level 2. HP: 11/16 MP: 3/3
    51 | D:1      | Learned a level 2 spell: Slow
   972 | D:2      | Noticed an ogre
  1075 | D:2      | Found an ornate altar of the Wu Jian Council.
  1093 | D:2      | Reached XP level 3. HP: 20/21 MP: 2/5
  1281 | D:2      | Reached skill level 3 in Bows
  1647 | D:2      | Reached XP level 4. HP: 23/26 MP: 6/6
  1682 | D:2      | Learned a level 3 spell: Inner Flame
  2332 | D:3      | Slain by a worm

Skill      XL: |  1  2  3  4 |
---------------+-------------+-----
Fighting       | 2 |  2.3
Bows           | 3 |  3.5
Spellcasting   | 2 |  2.0
Dodging        | |  1.5
Hexes          | |  2.6

Action                   |  1- 3 |  4- 6 || total
-------------------------+-------+-------++-------
Melee: Unarmed           |    31 |       ||    31
       Mace              |    39 |    36 ||    75
       Short sword       |     7 |       ||     7
 Fire: Shortbow          |    39 |     9 ||    48
 Cast: Slow              |     4 |     3 ||     7
  Eat: Chunk             |     1 |     1 ||     2
       Ration            |       |     1 ||     1
Armor: Robe              |    41 |     7 ||    48
Dodge: Dodged            |    69 |    21 ||    90
